 Dungeon Crawl Stone Soup version 0.31-a0-188-g5e087ee2ca (webtiles) character file.

Game seed: 11560032435466527034

78 qw the Shooter (level 4, -4/25 HPs)
             Began as a Deep Elf Hunter on June 23, 2023.
             Succumbed to a scorpion's poison
             ... on level 3 of the Dungeon.
             The game lasted 00:00:33 (1584 turns).

qw the Shooter (Deep Elf Hunter)                    Turns: 1584, Time: 00:00:33

Health: -4/25      AC:  5    Str: 10    XL:     4   Next: 15%
Magic:  6/6        EV: 11    Int: 14    God:
Gold:   180        SH:  0    Dex: 18    Spells: 3/3 levels left

rFire   . . .        Y - +1 shortbow
rCold   . . .        (shield currently unavailable)
rNeg    . . .        b - +0 ring mail
rPois   .            (no helmet)
rElec   .            (no cloak)
rCorr   .            (no gloves)
SInv    .            (no boots)
Will    .....        (no amulet)
Stlth   +            (no ring)
HPRegen 0.24/turn    (no ring)
MPRegen 0.10/turn

%: no passive effects
@: lethally poisoned (-4 -> -25), about to teleport
A: no striking features
a: no special abilities


You were on level 3 of the Dungeon.
You visited 1 branch of the dungeon, and saw 3 of its levels.

You collected 180 gold pieces.


   Skills:
 - Level 1.5 Fighting
 + Level 7.6 Ranged Weapons
 - Level 2.4 Dodging
 - Level 1.2 Stealth


You had 3 spell levels left.
You didn't know any spells.
Your spell library was empty.

Inventory:

Hand Weapons
 Y - a +1 shortbow (weapon)
Armour
 b - a +0 ring mail (worn)
Scrolls
 e - a scroll of teleportation
Potions
 a - a potion of haste
 c - a potion of degeneration {unknown}
 f - 2 potions of invisibility {unknown}
 g - a potion of mutation {unknown}
 h - a potion of heal wounds {unknown}
 j - 4 potions of curing

Dungeon Overview and Level Annotations

Branches:
Dungeon (3/15)

Altars:


Message History

You kill the endoplasm!
You shoot an arrow. The arrow hits the worm.
You kill the worm!
You now have 180 gold pieces (gained 9).
You open the door.
There is an open door here.
Things that are here:
a +0 mace; a +0 leather armour; an orc corpse
Found a quarterstaff.
Enter note:
Found a scroll of fear.
Enter note:
Enter note: A scorpion comes into view.
Enter note:
Enter note: You shoot an arrow.
The arrow hits the scorpion.
The scorpion is moderately wounded.
The scorpion barely misses you.
You shoot an arrow. The arrow hits the scorpion.
The scorpion is heavily wounded.
The scorpion stings you.
You are poisoned.
The scorpion poisons you!
You shoot an arrow.
The arrow hits the scorpion but does no damage.
The scorpion is heavily wounded.
You feel sick. The scorpion stings you. The scorpion stings you!
You are lethally poisoned!
The scorpion poisons you!
You shoot an arrow. The arrow hits the scorpion.
The scorpion is severely wounded.
You feel very sick. The scorpion stings you.
You are more poisoned.
The scorpion poisons you!
1584 ||| READING 2 scrolls of teleportation.
As you read the scroll of teleportation, it crumbles to dust.
You feel strangely unstable.
You die...

#.....?..# #.......
#.......## #.......
#.......#####.......
#...............#...
##.)............#...
#..............#...
#..............#...
#..###############+
#.@# ##.s......
#........ #........
###8###8# ## #


You could see a scorpion.

Vanquished Creatures
  2 adders (D:2)
  4 worms
  3 dart slugs
  4 orcs (D:3)
  6 endoplasms
  2 giant cockroaches
  2 goblins
  3 hobgoblins (D:1)
  A quokka (D:2)
  2 ball pythons
  2 bats
  4 frilled lizards
  A kobold (D:2)
  2 rats (D:2)
38 creatures vanquished.

Notes
Turn   | Place    | Note
-------+----------+-------------------------------------------
     0 | D:1      | qw the Deep Elf Hunter began the quest for the Orb.
     0 | D:1      | Reached XP level 1. HP: 12/12 MP: 3/3
     0 | D:1      | 0 ||| qw: Version: 0.3-a-9-g12657ce
     0 | D:1      | 0 ||| qw: Game counter: 3443
     0 | D:1      | 0 ||| qw: Always use a shield: true
     0 | D:1      | 0 ||| qw: God list: Okawaru
     0 | D:1      | 0 ||| qw: Allow faded altars: false
     0 | D:1      | 0 ||| qw: Do Orc after D:15 true
     0 | D:1      | 0 ||| qw: Do second Lair branch before Depths: true
     0 | D:1      | 0 ||| qw: Lair rune preference: random
     0 | D:1      | 0 ||| qw: Plans: Normal
     0 | D:1      | 0 ||| PLANNING D:1-11
   205 | D:1      | Reached skill level 6 in Ranged Weapons
   205 | D:1      | Reached XP level 2. HP: 15/16 MP: 4/4
   271 | D:1      | Found a faded altar of an unknown god.
   553 | D:1      | 553 ||| READING scroll labelled PUSCHA JYHOQ.
   556 | D:1      | 556 ||| READING scroll labelled USCHA LISETYEPP.
   557 | D:1      | 557 ||| READING 4 scrolls labelled PERAXERU REVE.
   558 | D:1      | 558 ||| READING scroll labelled NAAMNI HITS.
   559 | D:1      | 559 ||| DRINKING 5 blue potions.
   560 | D:1      | 560 ||| DROPPING scroll of butterflies.
   561 | D:1      | 561 ||| DROPPING 3 scrolls of amnesia.
   801 | D:2      | Reached XP level 3. HP: 20/20 MP: 5/5
   872 | D:2      | Reached skill level 7 in Ranged Weapons
  1338 | D:2      | 1338 ||| UPGRADING to +0 ring mail.
  1348 | D:2      | 1348 ||| DROPPING +0 leather armour.
  1349 | D:2      | 1349 ||| DRINKING 2 dark potions.
  1350 | D:2      | 1350 ||| DRINKING 3 murky orange potions.
  1351 | D:2      | 1351 ||| DROPPING 2 potions of attraction.
  1457 | D:3      | Reached XP level 4. HP: 25/25 MP: 6/6
  1579 | D:3      | Noticed a scorpion
  1583 | D:3      | HP: 6/25 [poisoned by a scorpion]
  1583 | D:3      | HP: 1/25 [scorpion (5)]
  1584 | D:3      | 1584 ||| READING 2 scrolls of teleportation.
  1584 | D:3      | Succumbed to a scorpion's poison

Levels and vault maps discovered:
D:1:      dpeg_arrival_boxes_within_box, layout_rooms,
          hellmonk_ecumenical_altar_lost_god, due_unseen_surprise
D:2:      layout_loops_ring
D:3:      layout_basic, serial_corexii_hall, corexii_hall_statues_x,
          corexii_hall_statues_deadend, corexii_hall_statues_t,
          chequers_hall_statues_y, supply_closet_lemuel

Skill      XL: |  1  2  3 |
---------------+----------+-----
Ranged Weapons | 6 7 |  7.6
Fighting       | |  1.5
Dodging        | |  2.4
Stealth        | |  1.2

Action                     |  1- 3 |  4- 6 || total
---------------------------+-------+-------++-------
   Fire: Shortbow          |    96 |    13 ||   109
    Use: Scroll            |     4 |     1 ||     5
         Potion            |     3 |       ||     3
 Armour: Leather armour    |     3 |       ||     3
         Ring mail         |       |     1 ||     1
  Dodge: Dodged            |    16 |     1 ||    17

Table legend:
 A = Non-vault XP
 B = Vault XP
 C = Vault XP percentage of total XP
 D = Non-vault monster count
 E = Vault monster count
 F = Vault count percentage of total count
                 A         B        C        D         E       F
            +---------+---------+-------+---------+---------+-------
      Total |     112 |       0 |   0.0 |      38 |       0 |   0.0
            +---------+---------+-------+---------+---------+-------
        D:1 |      21 |       0 |   0.0 |      13 |       0 |   0.0
        D:2 |      63 |       0 |   0.0 |      16 |       0 |   0.0
        D:3 |      28 |       0 |   0.0 |       9 |       0 |   0.0
            +---------+---------+-------+---------+---------+-------
